 Dungeon Crawl Stone Soup version 0.30.0-29-ga12c61a403 (webtiles) character file.

Game seed: 9761092306692162710

487794 Gabide the Slayer (level 23, -2/178 (200) HPs)
             Began as a Mummy Monk on June 17, 2023.
             Was the Champion of Ru.
             Killed from afar by an acid blob (10 damage)
             ... with a splash of acid
             ... created by the Royal Jelly
             ... on level 4 of the Pits of Slime on June 18, 2023.
             The game lasted 02:51:59 (52148 turns).

Gabide the Slayer (Mummy Monk)                     Turns: 52148, Time: 02:51:59

HP:   -2/178 (200)  AC:  5    Str: 20 (22) XL:     23   Next: 82%
MP:   23/23         EV: 27    Int:  8 (10) God:    Ru [******]
Gold: 3565          SH: 32    Dex: 24 (26) Spells: 34/34 levels left

rFire   x . .        L - +8 demon trident (vamp)
rCold   + + .        D - +5 tower shield {rC+}
rNeg    + + +        A - +0 toga "Victory" {*Victory Clar}
rPois   ∞            c - -2 helmet "Zoown" {Will+ Dex+3 Slay+2}
rElec   .            I - +1 cloak of True Grit {Str+3}
rCorr   +            K - +2 pair of gloves of Kajemp {Fly Will+ MP-9 Dex+5}
SInv    .            B - +2 pair of boots {Fly}
Will    ++++.        T - amulet of reflection Stlth
                     h - +4 ring of protection
HPRegen 0.49/turn    z - ring of resist corrosion
MPRegen 0.18/turn

%: reflection, clarity, faith
@: exhausted, corroded, flying, heavily drained
A: cold resistance 1, negative energy resistance 3, torment resistance 2, weak
1, heat vulnerability 1, no stealth, inability to use devices, hated by all, no
air magic, no hexes magic, no necromancy magic, disrupted magic 3, in touch with
death 2, no potions, faith
}: 2/15 runes: decaying, serpentine
a: Renounce Religion, Draw Out Power, Power Leap, Apocalypse


You were on level 4 of the Pits of Slime.
You worshipped Ru.
Ru was exalted by your worship.
You visited 10 branches of the dungeon, and saw 47 of its levels.
You also visited: Ossuary and Ice Cave.

You collected 5900 gold pieces.
You spent 2335 gold pieces at shops.

Inventory:

Hand Weapons
 a - a +9 spear of electrocution
 L - a +8 vampiric demon trident (weapon)
Missiles
 n - 5 throwing nets
 x - 15 curare-tipped darts
 W - 6 silver javelins
Armour
 c - the -2 helmet "Zoown" (worn) {Will+ Dex+3 Slay+2}
   (You found it on level 3 of the Lair of Beasts)

   Dex:       It affects your dexterity (+3).
   Slay:      It affects your accuracy & damage with ranged weapons and melee
   (+2).
   Will:      It increases your willpower.
 d - a +2 helmet
 A - the +0 toga "Victory" (worn) {*Victory Clar}
   (You found it on level 9 of the Dungeon)

   *Victory:  When the wearer kills a threatening monster, it has a chance to
   gain +1 AC, +1 Slay, and +1 Int, capping at +7.
   When the wearer uses a scroll or a potion with a hostile monster in sight,
   its bonuses reset to +0.
   Unequipping it also resets its bonuses to +0.
   Clar:      It protects you from confusion, rage, mesmerisation and fear.
 B - a +2 pair of boots of flying (worn)
 C - a +5 kite shield of reflection
 D - a +5 tower shield of cold resistance (worn)
 I - the +1 cloak of True Grit (worn) {Str+3}
   (You acquired it on level 5 of the Lair of Beasts)

   Str:       It affects your strength (+3).
 K - the +2 pair of gloves of Kajemp (worn) {Fly Will+ MP-9 Dex+5}
   (You acquired it on level 1 of the Swamp)

   Dex:       It affects your dexterity (+5).
   MP:        It affects your magic capacity (-9).
   Fly:       It grants you flight.
   Will:      It increases your willpower.
 V - the +5 scale mail of Xarutenu {+Inv rF+++ Str-3}
   (You found it on level 3 of the Elven Halls)

   Str:       It affects your strength (-3).
   rF:        It renders you almost immune to fire.
   +Inv:      It lets you turn invisible.
Jewellery
 h - a +4 ring of protection (left hand)
 t - an amulet of regeneration
 y - a ring of protection from fire
 z - a ring of resist corrosion (right hand)
 T - an amulet of reflection (around neck)
Scrolls
 e - 28 scrolls of teleportation
 i - 6 scrolls of fear
 j - 5 scrolls of fog
 k - 4 scrolls of blinking
 l - a scroll of amnesia
 p - 7 scrolls of immolation
 v - 2 scrolls of silence
 E - 2 scrolls of torment
 F - 4 scrolls of magic mapping
 G - 5 scrolls of poison
 P - 3 scrolls of acquirement


   Skills:
 - Level 21.0 Fighting
 - Level 18.0 Polearms
 - Level 18.0 Armour
 - Level 18.0 Dodging
 + Level 15.8 Shields
 - Level 6.0 Spellcasting


You had 34 spell levels left.
You didn't know any spells.
Your spell library contained the following spells:

 Spells                   Type           Power      Damage    Failure   Level
 Kiss of Death            Conj/Necr      Unusable   2d7       N/A         1
 Necrotise                Necr           Unusable   1d5       N/A         1
 Confusing Touch          Hex            Unusable   N/A       N/A         3
 Vampiric Draining        Necr           Unusable   2d6       N/A         3
 Dispel Undead            Necr           Unusable   3d7       N/A         4
 Agony                    Necr           Unusable   N/A       N/A         5

Dungeon Overview and Level Annotations

Branches:
Dungeon (15/15)            Temple (1/1) D:5            Lair (5/5) D:10
  Swamp (4/4) Lair:2        Snake (4/4) Lair:2        Slime (5/5) Lair:5
    Orc (2/2) D:10            Elf (3/3) Orc:2        Vaults (4/5) D:14
  Crypt (0/3) Vaults:2     Depths (4/4) D:15            Zot (0/5) Depths:4
Ossuary (visited)           IceCv (visited)

Altars:
Ashenzari
Cheibriados
Dithmenos
Gozag
Kikubaaqudgha
Makhleb
Nemelex Xobeh
Okawaru
Qazlal
Ru
Sif Muna
Trog
Uskayaw
Vehumet
Wu Jian
Xom

Shops:
D:9 (?[[[   D:12 !   Orc:1 ?   Orc:2 ?!:[   Elf:1 ?:!   Elf:3 :=:
Snake:4 *!:=   Depths:2 (

Portals:
Hell: Depths:1 Depths:2 Depths:3 Depths:4
Abyss: Depths:1 Depths:3
Pandemonium: Depths:2
Ziggurat: Depths:1

Annotations:
D:3 2 transporters
Lair:3 1 exclusion
Slime:5 4 exclusions
Depths:3 3 runed translucent doors, Nicoed's ghost, adept MiFi


Innate Abilities, Weirdness & Mutations

You are immune to poison.
Your flesh is cold resistant. (rC+)
You are immune to negative energy. (rN+++)
You are immune to unholy pain and torment.
You are weak. (Str -2)
You are vulnerable to heat. (rF-)
You cannot be stealthy.
You cannot study or use magical devices.
You are hated by all.
You cannot study or cast Air magic.
You cannot study or cast Hexes magic.
You cannot study or cast Necromancy magic.
Your casting is seriously disrupted.
You are strongly in touch with the powers of death.
You do not drink.
You have a special connection with the divine. (Faith)


Message History

The splash of acid hits the acid blob.
The acid blob completely resists.
You block the azure jelly's attack. x3; The azure jelly barely misses you.
You impale the azure jelly!!
The azure jelly is severely wounded.
The acid blob spits acid at you.
You block splash of acid... and reflect it back!
The splash of acid hits the acid blob.
The acid blob completely resists.
The acid blob spits acid at you. The splash of acid hits you! You resist.
The acid corrodes you!
You puncture the azure jelly!
You feel better.
The azure jelly is almost dead.
You block the azure jelly's attack. x4; The acid blob barely misses you.
The acid blob begins to attack, but is stunned by your conviction!
You closely miss the azure jelly.
The azure jelly is almost dead.
You block the azure jelly's attack. x3; The azure jelly hits you!
The acid blob spits acid at you. The splash of acid hits you! You resist.
The acid blob barely misses you.
You impale the azure jelly!!
You feel better.
You kill the azure jelly!
That felt strangely unrewarding.
The acid blob hits you!!!
* * * LOW HITPOINT WARNING * * *
You are splashed with acid.
You resist.
* * * LOW HITPOINT WARNING * * *
Unknown command.
Okay, then.
Unknown command.
Unknown command.
Unknown command.
Unknown command.
Unknown command.
Blink to where?
Press: ? - help, Dir - move target
As you read the scroll of blinking, it crumbles to dust.
The acid blob spits acid at you. The splash of acid hits you! You resist.
* * * LOW HITPOINT WARNING * * *
The acid blob spits acid at you. The splash of acid hits you! You resist.
You die...

.# #..............###...##
#.# ###.#....##....##.J§..#
...# ###....##...##.....##
..#.####..........#..J..##
.#.....................#.##
..#.......................##
...#.......................##
......##....................#
##....###...>...@..........##
##......................####
#......................##.##
#.....>................#...#
...##.....#........#......##
#.###....##................#
## #......#....#........#.##
##.........##.......#.##
#..........##.........#


You could see 2 acid blobs.

Vanquished Creatures
  the Royal Jelly (Slime:5)
  Mara (Depths:1)
  An ancient lich (Depths:2)
  A juggernaut (Depths:3)
  Sojobo (Depths:3)
  Vashnia (Snake:2)
  4 caustic shrikes (Depths:4)
  A golden dragon (Depths:3)
  Nikola (Swamp:4)
  Jory (Vaults:2)
  A bone dragon (Depths:4)
  Jorgrun (Orc:2)
  3 hellephants (Depths:1)
  3 tentacled monstrosities
  2 deep elf blademasters
  2 walking divine tomes
  2 deep elf master archers (Elf:3)
  15 acid blobs
  5 sphinxes
  6 thorn hunters
  Kirke (Snake:4)
  3 tengu reavers
  5 shadow dragons
  Donald (Snake:4)
  10 rockslimes
  A storm dragon (Depths:4)
  Roxanne (Snake:2)
  11 azure jellies
  Agnes (Snake:1)
  5 fire giants
  7 fenstrider witches
  4 nagarajas
  5 frost giants
  2 draconian knights (Depths:4)
  5 deep elf sorcerers (Elf:3)
  2 deep elf elementalists (Elf:3)
  A draconian shifter (Depths:4)
  13 vault wardens
  Aizul (Depths:1)
  8 quicksilver oozes
  2 war gargoyles
  2 balrugs (Depths:4)
  3 orc warlords
  11 stone giants
  18 ironbound preservers
  A ghoul (Swamp:4)
  A reaper (Swamp:4)
  34 very ugly things
  9 ironbound thunderhulks
  8 deep elf demonologists
  3 vampire knights (Depths:2)
  The ghost of ZLogic the Unseen, a journeyman SpEn of Kikubaaqudgha (D:15)
  Azrael (Snake:3)
  The ghost of kalagan the Eclecticist, a journeyman DECj of Sif Muna (Lair:3)
  A yellow draconian (Depths:4)
  8 deep elf annihilators (Elf:3)
  9 dire elephants
  3 white draconians
  5 spark wasps
  4 bunyips
  A purple draconian (Depths:4)
  A green death (Swamp:4)
  Snorg (D:14)
  10 fire dragons
  8 ettins
  8 deep elf death magi
  8 great orbs of eyes
  3 deep elf high priests (Elf:3)
  The ghost of Graphine the Blocker, a journeyman MiFi of Trog (Orc:1)
  3 entropy weavers
  3 shambling mangroves
  6 yaktaur captains
  4 vault guards
  3 ogre magi
  5 rakshasas
  A caustic shrike simulacrum (Depths:1)
  14 hydras
  7 spriggan air magi
  A ghost crab (Swamp:4)
  8 ice dragons
  6 salamander tyrants
  Harold (D:10)
  7 ironbound frosthearts
  2 catoblepae
  33 dancing weapons
  19 naga warriors
  7 anacondas
  12 centaur warriors
  17 alligators
  12 two-headed ogres
  11 hell hogs
  3 death yaks (Lair:5)
  2 boulder beetles
  7 deep troll shamans
  A spriggan berserker (D:15)
  5 deep troll earth magi
  7 tengu warriors
  3 vampire magi
  2 orc high priests
  A titan zombie (Depths:2)
  24 deep elf knights
  Sonja (Lair:2)
  7 shock serpents
  A hell knight (Depths:2)
  5 soul eaters
  4 iron trolls
  A storm dragon zombie (Vaults:4)
  A salamander mystic (Depths:2)
  A storm dragon skeleton (Depths:1)
  14 naga sharpshooters
  A shadow wraith (Depths:2)
  A skyshark (Lair:4)
  A skeletal warrior (Depths:2)
  8 goliath frogs
  3 death drakes
  6 glowing orange brains
  60 deep trolls
  An orange crystal statue (Vaults:3)
  2 golden dragon zombies
  19 ironbound convokers
  A sixfirhy (Swamp:4)
  6 swamp dragons
  A swamp dragon (shapeshifter) (Depths:4)
  3 sea snakes
  11 deep elf archers
  8 bog bodies
  8 spriggan druids
  4 flayed ghosts
  2 harpies (Vaults:1)
  36 deep elf pyromancers
  14 orc knights
  4 naga ritualists
  An iron dragon zombie (Depths:1)
  10 lindwurms
  10 wizards
  40 ugly things
  23 deep elf zephyrmancers
  2 phantasmal warriors (Depths:2)
  2 necromancers
  Pikel (D:4)
  A tengu skeleton (Vaults:4)
  7 orc sorcerers
  8 mana vipers
  26 salamanders
  7 shining eyes
  3 will-o-the-wisps
  An iron dragon skeleton (Depths:2)
  4 cyclopes
  2 ice statues (IceCv)
  A manticore (D:12)
  18 elephants
  35 black mambas
  5 guardian serpents
  14 naga magi
  9 vault sentinels
  An eye of devastation (Slime:4)
  A gargoyle (D:12)
  9 orange demons
  Maggie (D:6)
  8 cane toads
  A yaktaur zombie (Vaults:4)
  2 torpor snails
  2 unseen horrors (D:12)
  31 yaktaurs
  Psyche (D:9)
  7 rime drakes
  3 red devils (D:10)
  3 tengu conjurers
  2 kobold demonologists
  9 komodo dragons
  2 freezing wraiths
  A polar bear (Lair:3)
  8 trolls
  2 bloated husks
  2 burning bushes (Lair:2)
  17 hornets
  7 tyrant leeches
  3 hellwings (Swamp:4)
  4 saltlings (Orc:2)
  7 blink frogs
  14 dream sheep
  89 slime creatures
  Sigmund (D:5)
  A spriggan (shapeshifter) (Depths:3)
  2 air elementals
  A shadow (D:12)
  2 hogs (Snake:4)
  5 water elementals
  2 wraiths
  A vampire (D:10)
  A fire bat (Depths:2)
  3 humans (Snake:4)
  4 wyverns
  39 yaks
  A yak (shapeshifter) (Elf:1)
  5 basilisks
  11 golden eyes
  A human (shapeshifter) (Depths:2)
  9 spriggans
  5 fire elementals
  3 redbacks
  A neqoxec (Swamp:4)
  3 steam dragons
  15 vampire mosquitoes
  5 chaos spawn
  49 nagas
  2 wargs
  9 swamp worms
  14 water moccasins
  2 floating eyes
  3 hell hounds (Snake:2)
  32 orc warriors
  2 swamp drakes (Swamp:1)
  2 sky beasts
  A black bear (D:3)
  An ice beast (D:6)
  7 ogres
  12 wolves
  4 centaurs
  A phantom (D:5)
  An elf zombie (Ossuary)
  7 kobold brigands
  Blork the orc (D:5)
  2 earth elementals (Elf:3)
  2 scorpions
  6 bullfrogs
  A human skeleton (Vaults:4)
  13 wights
  A hornet simulacrum (D:14)
  22 killer bees
  4 lindwurm simulacra (IceCv)
  3 howler monkeys
  11 electric eels
  9 jellies
  7 komodo dragon simulacra (IceCv)
  4 lava snakes
  A hound (D:6)
  2 human zombies
  22 orc priests
  Ijyb (D:3)
  13 iguanas
  17 orc wizards
  A hound zombie (Ossuary)
  4 mummies (Ossuary)
  10 gnolls
  5 adders
  3 acid dragon simulacra (IceCv)
  2 shadow imps
  A white imp (D:5)
  7 steam dragon simulacra (IceCv)
  2 ufetubi
  3 adder zombies (Ossuary)
  2 worms
  3 dart slugs
  113 orcs
  6 bats
  8 endoplasms
  2 giant cockroaches (D:2)
  8 goblins
  6 hobgoblins
  A quokka (D:4)
  6 ball pythons
  14 frilled lizards
  2 gnoll zombies (Ossuary)
  A goblin zombie (Ossuary)
  2 jackal zombies (Ossuary)
  27 kobolds
  A kobold zombie (Ossuary)
  8 rats
  7 fire vortices (Depths:2)
  A spectral weapon (Elf:3)
1913 creatures vanquished.

Vanquished Creatures (others)
  2 acid blobs
  A rockslime (Slime:3)
  A quicksilver ooze (Slime:4)
  An orc warlord (Vaults:3)
  A stone giant (Depths:2)
  A hydra (Swamp:4)
  An alligator (Swamp:3)
  A deep troll shaman (Depths:4)
  2 tengu warriors (Depths:1)
  A goliath frog (Swamp:4)
  A bog body (Swamp:3)
  An ironbound convoker (Vaults:4)
  A deep elf archer (Elf:3)
  3 deep elf pyromancers
  A gargoyle (D:12)
  A troll (D:12)
  A saltling (Orc:2)
  3 slime creatures
  A yak (D:9)
  A vampire mosquito (Swamp:4)
  A glowing shapeshifter zombie (Depths:1)
  A naga (Snake:3)
  A swamp drake (Swamp:1)
  A centaur (D:15)
  A bullfrog (Lair:1)
  A frilled lizard (Lair:2)
  A butterfly (D:15)
  8 foxfires
  2 spectral weapons (Lair:5)
43 creatures vanquished.

Grand Total: 1956 creatures vanquished

Notes
Turn   | Place    | Note
-------+----------+-------------------------------------------
     0 | D:1      | Gabide the Mummy Monk began the quest for the Orb.
     0 | D:1      | Reached XP level 1. HP: 18/18 MP: 1/1
   378 | D:1      | Found a faded altar of an unknown god.
   606 | D:1      | Reached XP level 2. HP: 24/24 MP: 2/2
  1290 | D:1      | Gained mutation: You are in touch with the powers of death.
                  | [Mummy growth]
  1290 | D:1      | Reached XP level 3. HP: 23/29 MP: 3/3
  1372 | D:1      | Reached skill level 1 in Armour
  1705 | D:2      | Reached XP level 4. HP: 35/35 MP: 4/4
  2040 | D:3      | Found a transporter.
  2175 | D:3      | Found a transporter.
  2185 | D:3      | Noticed a kobold demonologist
  2208 | D:3      | Found a blossoming altar of Fedhas.
  2345 | D:3      | Reached XP level 5. HP: 39/41 MP: 5/5
  2392 | D:3      | Noticed Ijyb
  2696 | D:3      | Killed Ijyb
  2697 | D:3      | Reached skill level 1 in Shields
  2876 | D:3      | Found a broken altar of Ashenzari.
  2922 | D:4      | Noticed a black bear
  2938 | D:3      | Killed a black bear
  2939 | D:3      | Reached XP level 6. HP: 33/47 MP: 6/6
  3698 | D:4      | Found a sacrificial altar of Ru.
  3713 | D:4      | Became a worshipper of Ru the Awakened
  3728 | D:4      | Gained mutation: You cannot be stealthy. [Ru sacrifice]
  3829 | D:4      | Found an ornate altar of the Wu Jian Council.
  3830 | D:4      | Found an opulent altar of Gozag.
  3831 | D:4      | Found an ancient bone altar of Kikubaaqudgha.
  4061 | D:4      | Reached XP level 7. HP: 47/52 MP: 7/7
  4260 | D:5      | Entered Level 5 of the Dungeon
  4260 | D:5      | Found the +4 robe of Augmentation {Str+4 Int+4 Dex+4}
  4294 | D:5      | Found a sand-covered staircase.
  4303 | Ossuary  | Entered an ossuary
  4365 | Ossuary  | Reached skill level 5 in Shields
  4569 | D:5      | Noticed Blork the orc
  4581 | D:5      | Killed Blork the orc
  4677 | D:5      | Found a staircase to the Ecumenical Temple.
  4679 | D:5      | Noticed Pikel
  4867 | D:4      | Killed Pikel
  4868 | D:4      | Reached skill level 5 in Fighting
  4868 | D:4      | Reached XP level 8. HP: 29/62 MP: 8/8
  5019 | D:5      | Found a snail-covered altar of Cheibriados.
  5078 | Temple   | Entered the Ecumenical Temple
  5500 | D:5      | Reached skill level 6 in Fighting
  5681 | D:5      | Noticed Sigmund
  5692 | D:5      | Killed Sigmund
  5708 | D:5      | Gained mutation: Your casting is slightly disrupted. [Ru
                  | sacrifice]
  5708 | D:5      | Reached * piety under Ru
  5844 | D:5      | Reached skill level 5 in Polearms
  6106 | D:5      | Identified a scroll of acquirement
  6108 | D:5      | Acquired the +2 pair of gloves of the Kangaroo {rPois rN+++
                  | Regen+ Dex-5}
  6199 | D:6      | Reached XP level 9. HP: 60/69 MP: 9/9
  6256 | D:6      | Noticed Maggie
  6337 | D:6      | Killed Maggie
  6870 | D:7      | Reached skill level 5 in Armour
  7451 | D:7      | Reached skill level 5 in Dodging
  7477 | D:8      | Reached XP level 10. HP: 70/76 MP: 10/10
  7543 | D:8      | Noticed a boulder beetle
  7611 | D:8      | Killed a boulder beetle
  7612 | D:8      | Reached skill level 7 in Fighting
  7680 | D:8      | Reached skill level 8 in Fighting
  8341 | D:8      | Found a shimmering blue altar of Sif Muna.
  8601 | D:9      | Found the +0 toga "Victory" {*Victory Clar}
  8712 | D:9      | Found Ziemag's Armour Boutique.
  8720 | D:9      | Bought a +2 pair of boots of flying for 322 gold pieces
  8744 | D:9      | Found Araotter's Antique Armour Emporium.
  8818 | D:9      | Noticed Psyche
  8829 | D:9      | Killed Psyche
  8830 | D:9      | Reached skill level 9 in Fighting
  8930 | D:9      | Found Comef's Magic Scroll Emporium.
  8973 | D:9      | Found Demi's Weapon Emporium.
  9185 | D:9      | Found Her Sacaol's Armour Shop.
  9204 | D:9      | Bought a +1 kite shield of reflection for 202 gold pieces
  9503 | D:10     | Entered Level 10 of the Dungeon
  9596 | D:10     | Reached XP level 11. HP: 88/89 MP: 11/11
  9717 | D:10     | Found a staircase to the Orcish Mines.
  9803 | D:10     | Found a staircase to the Lair.
 10103 | D:10     | Gained mutation: You cannot study or cast Air magic. [Ru
                  | sacrifice]
 10103 | D:10     | Gained mutation: You cannot study or cast Hexes magic. [Ru
                  | sacrifice]
 10103 | D:10     | Gained mutation: You cannot study or cast Necromancy magic.
                  | [Ru sacrifice]
 10103 | D:10     | Reached ** piety under Ru
 10211 | D:11     | Noticed a two-headed ogre
 10229 | D:10     | Killed a two-headed ogre
 10278 | D:11     | Noticed Harold
 10470 | D:10     | Killed Harold
 10727 | D:11     | Found a shimmering altar of Xom.
 10777 | D:11     | Found the +7 mace of Variability {chaos, chaos arc}
 10855 | D:11     | Reached XP level 12. HP: 81/95 MP: 12/12
 11203 | D:12     | Noticed a two-headed ogre
 11212 | D:12     | Killed a two-headed ogre
 11240 | D:12     | You are sucked into a shaft and drop 1 floor!
 11370 | D:12     | Noticed a centaur warrior
 11377 | D:12     | Killed a centaur warrior
 12223 | D:12     | Found Ylli's Distillery.
 12556 | D:13     | Noticed a five-headed hydra
 12566 | D:13     | Killed a five-headed hydra
 12802 | D:13     | Noticed a centaur warrior
 12809 | D:13     | Killed a centaur warrior
 12834 | D:13     | Noticed a catoblepas
 12863 | D:13     | Killed a catoblepas
 12877 | D:13     | Noticed a centaur warrior
 12883 | D:13     | Killed a centaur warrior
 13242 | Lair:1   | Entered Level 1 of the Lair of Beasts
 13743 | Lair:1   | Gained mutation: You are strongly in touch with the powers
                  | of death. [Mummy growth]
 13743 | Lair:1   | Reached XP level 13. HP: 99/101 MP: 13/13
 14267 | Lair:2   | Reached skill level 10 in Fighting
 14427 | Lair:2   | Found a staircase to the Snake Pit.
 14499 | Lair:2   | Noticed Sonja
 14505 | Lair:2   | Killed Sonja
 14550 | Lair:2   | Found a staircase to the Swamp.
 14557 | Lair:2   | Reached skill level 11 in Fighting
 15120 | Lair:3   | Reached skill level 12 in Fighting
 15370 | Lair:3   | Reached skill level 10 in Polearms
 15386 | Lair:3   | Identified the +0 ring mail "Itanwox" {rPois rN++ Int-3}
 15473 | Lair:3   | Found a runed translucent gate.
 15474 | Lair:3   | Found a runed translucent gate.
 15474 | Lair:3   | Noticed kalagan's ghost (journeyman DECj)
 15475 | Lair:3   | Found a runed translucent gate.
 16511 | Lair:4   | Reached XP level 14. HP: 115/115 MP: 14/14
 16747 | Lair:5   | Entered Level 5 of the Lair of Beasts
 16843 | Lair:5   | Acquired the +1 cloak of True Grit {Str+3}
 17020 | Lair:5   | Identified the +1 scimitar "Haydin" {heavy, Str+3 Int+3}
 17347 | Lair:5   | Found a staircase to the Slime Pits.
 17347 | Lair:5   | Found a viscous altar of Jiyva.
 17698 | Lair:5   | Gained mutation: You cannot study or use magical devices.
                  | [Ru sacrifice]
 17698 | Lair:5   | Reached *** piety under Ru
 17698 | Lair:5   | Reached **** piety under Ru
 17868 | Lair:5   | Reached skill level 10 in Armour
 18055 | Lair:3   | Killed kalagan's ghost
 18100 | Lair:3   | Identified the +2 long sword "Risch" {heavy, Will+}
 18102 | Lair:3   | Identified the -2 helmet "Zoown" {Will+ Dex+3 Slay+2}
 18368 | D:14     | Found a stormy altar of Qazlal.
 18396 | D:14     | Noticed Snorg
 18415 | D:14     | Killed Snorg
 18575 | D:14     | Found a gate to the Vaults.
 18945 | D:15     | Entered Level 15 of the Dungeon
 19039 | D:15     | Identified the +0 robe of Ignis's Hatred {Fly rElec Stlth-
                  | Archmagi}
 19203 | D:15     | Reached XP level 15. HP: 120/120 MP: 15/15
 19278 | D:15     | Found a staircase to the Depths.
 19433 | D:15     | Reached skill level 10 in Shields
 19680 | D:15     | Gained mutation: You are weak. (Str -2) [Ru sacrifice]
 19680 | D:15     | Reached ***** piety under Ru
 19722 | D:15     | Found a runed translucent door.
 20045 | D:15     | Noticed ZLogic's ghost (journeyman SpEn)
 20063 | D:15     | Killed ZLogic's ghost
 20195 | Orc:1    | Entered Level 1 of the Orcish Mines
 20379 | Orc:2    | Entered Level 2 of the Orcish Mines
 20380 | Orc:2    | Found a staircase to the Elven Halls.
 20394 | Orc:1    | Noticed Graphine's ghost (journeyman MiFi)
 20394 | Orc:1    | Found a runed translucent door.
 20559 | Orc:1    | Found Taotishrara's Magic Scroll Shop.
 20561 | Orc:1    | Found a frozen archway.
 20570 | IceCv    | Entered an ice cave
 21542 | Orc:2    | Noticed Jorgrun
 21562 | Orc:2    | Killed Jorgrun
 21629 | Orc:2    | Found Buclecur's Magic Scroll Shop.
 21635 | Orc:2    | Bought a scroll of enchant armour for 112 gold pieces
 21690 | Orc:2    | Found Xefazorr's Armour Shoppe.
 21707 | Orc:2    | Found Xidd's Book Shoppe.
 21843 | Orc:2    | Found Ehonog's Distillery.
 22260 | Orc:1    | Killed Graphine's ghost
 22261 | Orc:1    | Reached skill level 10 in Dodging
 22379 | Swamp:1  | Entered Level 1 of the Swamp
 22400 | Swamp:1  | Gained mutation: You are hated by all. [Ru sacrifice]
 22482 | Swamp:1  | Acquired the +2 pair of gloves of Kajemp {Fly Will+ MP-9
                  | Dex+5}
 23341 | Swamp:2  | Reached XP level 16. HP: 127/127 MP: 7/16
 23361 | Swamp:2  | Gained mutation: Your casting is disrupted. [Ru sacrifice]
 23400 | Swamp:2  | Identified the +5 halberd of Change {flame, Fragile +Blink
                  | rF+}
 23541 | Swamp:2  | Noticed a thorn hunter
 23559 | Swamp:2  | Killed a thorn hunter
 23635 | Swamp:2  | Reached skill level 1 in Spellcasting
 23719 | Swamp:2  | Noticed a thorn hunter
 23740 | Swamp:2  | Killed a thorn hunter
 23758 | Swamp:2  | Reached skill level 5 in Spellcasting
 23923 | Swamp:2  | Noticed a thorn hunter
 23930 | Swamp:2  | Killed a thorn hunter
 24304 | Swamp:3  | Noticed a tentacled monstrosity
 24321 | Swamp:3  | Killed a tentacled monstrosity
 24369 | Swamp:3  | Reached skill level 13 in Fighting
 24554 | Swamp:4  | Entered Level 4 of the Swamp
 24635 | Swamp:4  | Gained mutation: Your casting is seriously disrupted. [Ru
                  | sacrifice]
 24635 | Swamp:4  | Reached ****** piety under Ru
 24682 | Swamp:4  | Noticed a thorn hunter
 24685 | Swamp:4  | Reached skill level 14 in Fighting
 24694 | Swamp:4  | Killed a thorn hunter
 24918 | Swamp:4  | Noticed a tentacled monstrosity
 24931 | Swamp:4  | Noticed a thorn hunter
 24932 | Swamp:4  | Killed a tentacled monstrosity
 24963 | Swamp:4  | Reached skill level 15 in Fighting
 24963 | Swamp:4  | Reached XP level 17. HP: 80/131 MP: 11/26
 25228 | Swamp:4  | Noticed a tentacled monstrosity
 25242 | Swamp:4  | Killed a tentacled monstrosity
 25339 | Swamp:4  | Got a decaying rune of Zot
 25423 | Swamp:4  | Noticed Nikola
 25443 | Swamp:4  | Killed Nikola
 25857 | Snake:1  | Entered Level 1 of the Snake Pit
 25893 | Snake:1  | You are sucked into a shaft and drop 1 floor!
 26653 | Snake:1  | Noticed Agnes
 26675 | Snake:1  | Killed Agnes
 26676 | Snake:1  | Reached skill level 15 in Shields
 27334 | Snake:2  | Noticed Vashnia
 27370 | Snake:2  | Killed Vashnia
 27411 | Snake:2  | Identified the +2 spear "Tuhueny" {flame, *Noise rC- rN++
                  | Int+2}
 27526 | Snake:2  | Identified Roxanne's Directory of the Xenolith
 27526 | Snake:2  | Noticed Roxanne
 27571 | Snake:2  | Killed Roxanne
 27699 | Snake:3  | Noticed Azrael
 27722 | Snake:2  | Reached XP level 18. HP: 131/149 MP: 18/27
 27789 | Snake:3  | Killed Azrael
 29095 | Snake:4  | Entered Level 4 of the Snake Pit
 29099 | Snake:4  | Noticed Donald
 29127 | Snake:4  | Killed Donald
 29431 | Snake:4  | Found Inayjemp's Distillery.
 29439 | Snake:4  | Found Xaodal's Jewellery Boutique.
 29439 | Snake:4  | Found Murpha's Assorted Antiques.
 29454 | Snake:4  | Found Jilis's Book Boutique.
 29460 | Snake:4  | Bought a manual of Fighting for 1360 gold pieces
 29463 | Snake:4  | Bought a polished ring mail for 234 gold pieces
 29463 | Snake:4  | Identified the +5 ring mail "Jaen" {Stlth+} (You bought it
                  | in a shop on level 4 of the Snake Pit)
 30261 | Snake:4  | Reached skill level 15 in Polearms
 30272 | Snake:4  | Noticed Kirke
 30297 | Snake:4  | Killed Kirke
 30567 | Snake:4  | Got a serpentine rune of Zot
 30936 | Depths:1 | Entered Level 1 of the Depths
 30958 | Depths:1 | Noticed Aizul
 30971 | Depths:1 | Killed Aizul
 31082 | Depths:1 | Found a one-way gateway to a ziggurat.
 31137 | Depths:1 | Noticed Mara
 31554 | Depths:1 | Noticed Gabide's illusion
 31562 | D:15     | Reached XP level 19. HP: 139/155 MP: 19/28
 31793 | Depths:1 | Killed Mara
 32053 | Depths:1 | Found a gateway to Hell.
 32053 | Depths:1 | Noticed a hellephant
 32053 | Depths:1 | Noticed a hellephant
 32053 | Depths:1 | Noticed a hellephant
 32073 | Depths:1 | Killed a hellephant
 32089 | Depths:1 | Killed a hellephant
 32112 | Depths:1 | Killed a hellephant
 32208 | Depths:1 | Found a broken altar of Ashenzari.
 32258 | Depths:1 | Found a one-way gate to the infinite horrors of the Abyss.
 32606 | Depths:2 | Reached skill level 15 in Dodging
 32619 | Depths:2 | Noticed an ancient lich
 32643 | Depths:2 | Killed an ancient lich
 32755 | Depths:1 | Reached skill level 16 in Fighting
 33090 | Depths:2 | HP: 3/139 [deep troll earth mage/blast of rock fragments
                  | (9)]
 33121 | Depths:2 | Reached skill level 17 in Fighting
 33332 | Depths:2 | Reached skill level 18 in Fighting
 33581 | Depths:2 | Reached skill level 19 in Fighting
 33641 | Depths:2 | Found a one-way gate leading to the halls of Pandemonium.
 33850 | Depths:2 | Found Vonatema's Weapon Shoppe.
 34048 | Depths:2 | Reached XP level 20. HP: 145/176 MP: 20/29
 34142 | Depths:2 | Found the +5 demon whip "Spellbinder" {antimagic, disrupt,
                  | Will+}
 34156 | Depths:2 | Reached skill level 20 in Fighting
 35282 | Depths:3 | Noticed Sojobo
 35307 | Depths:3 | Killed Sojobo
 35562 | Depths:3 | Found a runed translucent gate.
 35563 | Depths:3 | Found a runed translucent gate.
 35564 | Depths:3 | Found a runed translucent gate.
 35730 | Depths:3 | Noticed Nicoed's ghost (adept MiFi)
 35829 | Depths:3 | Found an ornate altar of the Wu Jian Council.
 35850 | Depths:3 | Reached skill level 21 in Fighting
 35896 | Depths:3 | Noticed a juggernaut
 35911 | Depths:3 | Killed a juggernaut
 36235 | Depths:3 | Noticed a golden dragon
 36252 | Depths:3 | Killed a golden dragon
 36452 | Depths:4 | Entered Level 4 of the Depths
 36947 | Depths:4 | Noticed a caustic shrike
 36947 | Depths:4 | Noticed a caustic shrike
 36947 | Depths:4 | Noticed a caustic shrike
 36948 | Depths:4 | Noticed a caustic shrike
 36964 | Depths:4 | Killed a caustic shrike
 36969 | Depths:4 | Killed a caustic shrike
 36981 | Depths:4 | Killed a caustic shrike
 37003 | Depths:4 | Killed a caustic shrike
 37781 | Depths:4 | Noticed a bone dragon
 37828 | Depths:4 | Killed a bone dragon
 37906 | Depths:4 | Found a gate to the Realm of Zot.
 37927 | Depths:4 | Reached XP level 21. HP: 173/186 MP: 21/30
 38320 | Vaults:1 | Entered Level 1 of the Vaults
 38354 | Vaults:1 | Reached skill level 15 in Armour
 39731 | Vaults:2 | Noticed Jory
 39752 | Vaults:2 | Killed Jory
 40358 | Vaults:2 | Found a staircase to the Crypt.
 40358 | Vaults:2 | Found an ancient bone altar of Kikubaaqudgha.
 42336 | Vaults:3 | Reached XP level 22. HP: 191/191 MP: 22/31
 42753 | Vaults:4 | Identified the +3 great sword of Infinity {heavy, Contam
                  | Int+2 Dex+3 SInv}
 44309 | Elf:1    | Entered Level 1 of the Elven Halls
 44421 | Elf:1    | Found Qucsawuv's Distillery.
 44793 | Elf:1    | Found Nuadank's Magic Scroll Shop.
 44847 | Elf:1    | Bought a scroll of enchant armour for 105 gold pieces
 45067 | Elf:1    | Found Esson's Book Emporium.
 45489 | Elf:2    | Paralysed by an air elemental for 1 turns
 45495 | Elf:2    | Paralysed by an air elemental for 1 turns
 45725 | Elf:2    | Found a runed translucent gate.
 45738 | Elf:2    | Found a runed translucent gate.
 45738 | Elf:2    | Found a runed translucent gate.
 46375 | Elf:3    | Entered Level 3 of the Elven Halls
 46490 | Elf:3    | Reached XP level 23. HP: 134/191 MP: 5/32
 47069 | Elf:3    | Found Ameis's Book Shop.
 47069 | Elf:3    | Found Rolitsi's Jewellery Emporium.
 47070 | Elf:3    | Found Zoghis Irry's Book Shop.
 47382 | Elf:3    | Identified the +8 short sword of Zowuucer {antimagic, rN+
                  | Str-3 Int+3 SInv}
 47677 | Elf:3    | Identified the +6 great sword of a wizard's laboratory
                  | {drain, Str+4}
 48018 | Elf:3    | Identified the +3 leather armour "Joidaug" {Str+3}
 48027 | Elf:3    | Identified the +5 battleaxe "Lafonem" {elec, rPois rN+
                  | rCorr}
 48027 | Elf:3    | Identified the +1 robe of the Cockroach {rCorr}
 48255 | Elf:3    | Identified the +9 glaive "Zewint" {spect, Dex+7}
 48255 | Elf:3    | Identified the ring "Jihyret" {*Corrode rPois rN++}
 48255 | Elf:3    | Identified the +3 flail of Ymasoexy {pain, rElec Int+6
                  | Dex-5}
 48322 | Elf:3    | Identified the +1 pair of gloves of Activism {rN+}
 48324 | Elf:3    | Identified the +3 plate armour of Ipnafam {rPois Dex+3}
 48332 | Elf:3    | Identified the +5 scale mail of Xarutenu {+Inv rF+++ Str-3}
 48366 | Elf:3    | Found the +6 lightning scales {swift, rElec}
 48820 | Slime:1  | Entered Level 1 of the Pits of Slime
 49448 | Slime:2  | You are sucked into a shaft and drop 2 floors!
 50882 | Slime:4  | Paralysed by a floating eye for 2 turns
 51031 | Slime:3  | Paralysed by a floating eye for 4 turns
 51439 | Slime:5  | Entered Level 5 of the Pits of Slime
 51503 | Slime:5  | Noticed the Royal Jelly
 51827 | Slime:5  | Killed the Royal Jelly
 52148 | Slime:4  | HP: 8/178 [acid blob/splash of acid[the Royal Jelly] (12)]
 52148 | Slime:4  | Killed from afar by an acid blob

Illustrated notes

Levels and vault maps discovered:
D:1:      scummos_arrival_gate, layout_basic, shapermc_ecumenical_altar_ellora,
          minmay_strange_pillars
D:2:      wad_pebble_path, layout_basic, st_stairs_1
D:3:      gammafunk_wand_slinger, layout_basic, fedhas_altar_2,
          gammafunk_temple_overflow_elements, uniq_ijyb
D:4:      layout_rooms, mainiacjoe_overflow_alcove_3,
          mainiacjoe_overflow_boulevard, dreamdust_wishing_well
D:5:      layout_gridville, kennysheep_slug_shrine, temple_statues,
          lightli_ossuary_entry_decrepit_ruins, uniq_sigmund, uniq_pikel,
          uniq_blork_the_orc
D:6:      layout_loops_ring, uniq_maggie
D:7:      layout_rooms, amethyst_killhole
D:8:      layout_basic, tgw_sif, mainiacjoe_overflow_paths
D:9:      layout_basic, serial_shops, shop_fountains,
          nicolae_shop_hallway_stairs, shop, nicolae_shop_waterfront,
          nicolae_shop_bloodbath_and_beyond, uniq_psyche
D:10:     layout_basic, lair_entry_dummy, david_orc_5,
          minmay_beelzebubs_servants
D:11:     layout_rooms, serial_rivers, chequers_serial_rivers_large_a,
          chequers_serial_rivers_micro_c, chequers_serial_rivers_marsh,
          chequers_serial_rivers_large_b, minmay_guarded_unrand_variability,
          uniq_harold
D:12:     layout_grid_maze, serial_shops, nicolae_shop_window_shopping
D:13:     layout_loops_corners, lemuel_old_faithful
D:14:     layout_rooms, david_vaults_5, nicolae_qazlal_eye_of_the_storm,
          uniq_snorg
D:15:     grunt_enter_depths_giant_problem, layout_loops_corners,
          ebering_ghost_reflecting_pool, nicolae_elyvilon_peaceful_grove,
          minivault_16, minmay_splitting_lines
Temple:   minmay_temple_curvy_loop
Lair:1:   layout_roguey, grunt_megastairs_5
Lair:2:   lemuel_reptile_caves, layout_regular_city, skrybe_swamp_entry_bodies,
          nicolae_snake_entry_warm_welcome, nicolae_quartered_pool_medium,
          evilmike_ambush [evilmike_ambush_outer_corners,
          evilmike_ambush_inner_basic], uniq_sonja
Lair:3:   layout_roguey, gammafunk_ghost_hydra_chop, lemuel_fruit_tree,
          grunt_megastairs_2
Lair:4:   layout_cellular_growth, lemuel_fruit_fields, infiniplex_staircase_pool
Lair:5:   hangedman_lair_in_review, layout_gridlike,
          nicolae_slime_entry_slimehenge
Swamp:1:  nicolae_swamp_decorative_isthmus, layout_basic_swamp,
          evilmike_swamp_ruin_house_4, nicolae_swamp_drake_lake
Swamp:2:  nzn_winding_woodlands_medium [nzn_winding_woodlands_5x5_open_star,
          nzn_winding_woodlands_5x15_pathside_ponds,
          nzn_winding_woodlands_5x5_three,
          nzn_winding_woodlands_5x5_checkerboard,
          nzn_winding_woodlands_center_pierced_h,
          nzn_winding_woodlands_5x5_default, nzn_winding_woodlands_hourglass,
          nzn_winding_woodlands_5x15_zeroes,
          nzn_winding_woodlands_5x5_perimeter], layout_basic_swamp,
          serial_swamp_ruin, evilmike_swamp_ruin_house_5,
          evilmike_swamp_ruin_house_6, evilmike_swamp_ruin_rubble_2
Swamp:3:  layout_falls_marsh, nicolae_swamp_long_stream, swamp_pool3
Swamp:4:  nzn_swamp_witches_coven, layout_basic_swamp, uniq_nikola
Snake:1:  nrook_guardian_serpent_snake_passage, layout_basic, uniq_agnes
Snake:2:  layout_basic, st_stairs_7, nicolae_integral_box, serial_bayou_shore_b,
          uniq_roxanne, uniq_vashnia
Snake:3:  layout_chambers, uniq_azrael
Snake:4:  minmay_snake_end_coiled, layout_basic, minmay_shoptagon, uniq_kirke,
          uniq_donald
Slime:1:  layout_caves
Slime:2:  layout_caves, cheibrodos_slime_lost_civilization_7
Slime:3:  layout_caves, nicolae_slime_barrier
Slime:4:  layout_caves
Slime:5
Orc:1:    layout_caves, serial_shops, shop, ebering_ghost_inner_flame,
          basic_altar, portal_ice_cave_entry_pillars_2
Orc:2:    hellmonk_orc_salted, layout_diamond_mine, uniq_jorgrun
Elf:1:    eino_elf_arrival_customs, layout_geoelf_grid, serial_shops,
          nicolae_shop_tiny_waterfront, nicolae_shop_tiny_real_fake_doors, shop,
          minivault_28
Elf:2:    elven_hall_of_blades_hangedman_original
          [nicolae_blade_entry_area_security], layout_geoelf_octagon,
          corexii_hall_statues_deadend
Elf:3:    elf_hall, layout_gridlike, grunt_megastairs_1, minmay_shop_grove
Vaults:1: vaults_standard_mumra_lines, st_lattice,
          nicolae_vaults_trapezoid_lopsided_1, nicolae_vaults_shrinking_rooms_2,
          nicolae_vaults_turnstiles, vaults_room_hallway,
          nicolae_vaults_border_crossing, nicolae_vaults_cornered_office,
          v_misc_14, nicolae_vaults_little_squares_3, grunt_vaults_diagonal,
          nicolae_vaults_closet_pinwheel_1, layout_vaults_ring
Vaults:2: nicolae_vaults_diamond_2, vaults_room_fancy_cross,
          nicolae_vaults_frosty_reception, nicolae_vaults_network_square,
          minmay_crypt_entry_necro_gods, st_more_cells,
          nicolae_vaults_circle_grid_a, nicolae_vaults_circle_grid_b,
          nicolae_vaults_closet_pinwheel_1, v_misc_17,
          nicolae_vaults_tetromino_Z_1, nicolae_vaults_little_squares_3,
          nicolae_vaults_little_squares_5,
          vaults_standard_mumra_enter_the_diamond, nicolae_vaults_tetromino_T_2,
          nicolae_vaults_diamond_2, layout_vaults_omnicross, uniq_jory
Vaults:3: nicolae_vaults_trapezoid_2, nicolae_vaults_heart-shaped_vault,
          ontoclasm_vaults_ligature, nicolae_vaults_double_plus_2,
          nicolae_vaults_statue_guard, nicolae_vaults_little_squares_2,
          nicolae_vaults_more_shelving_1, ontoclasm_vaults_hangar,
          layout_vaults_quadrants
Vaults:4: nicolae_vaults_angled_halls, hangedman_vaults_slice,
          dpeg_vaults_monster_box, ontoclasm_vaults_bender,
          nicolae_vaults_doubleplus_tesselated, v_misc_25,
          nicolae_vaults_tetromino_Z_1, v_misc_11, layout_vaults_omnibox
Depths:1: layout_twisted_cross, enter_ziggurat_c, serial_sigils_hangedman_gut,
          abyss_entry, grunt_hell_horde, evilmike_ruin_ashenzari, uniq_mara,
          uniq_aizul
Depths:2: hangedman_cross_stitches, layout_gridlike, hellmouth_1, serial_shops,
          shop, special_room [special_room_morgue], pan_entry,
          mu_enter_wizlab_7, serial_aquarium, aquarium_bridge_long_separate
          [aquarium_subvault_bridge, aquarium_subvault_wall,
          aquarium_subvault_window, aquarium_subvault_bridge,
          aquarium_subvault_bridge, aquarium_subvault_wall],
          aquarium_window_corner, aquarium_window_corridor_2, aquarium_view_2d,
          aquarium_balcony_3a, serial_bayou_pond_a, minmay_misc_feat_x,
          serial_bayou_shore_b
Depths:3: minmay_outward_triangles, layout_cave_shapes, abyss_entry, hell_entry,
          gammafunk_ghost_icy, serial_sigils_hangedman_scar,
          nicolae_wu_jian_immortal_techniques, infiniplex_staircase_pool_2,
          uniq_sojobo
Depths:4: evilmike_zot_entry_round, layout_gridlike, grunt_decor_arrowhead,
          pf_dread_powers_of_hell

Skill      XL: |  1  2  3  4  5  6  7  8  9 10 11 12 13 14 15 16 17 18 19 20 21 22 23 |
---------------+----------------------------------------------------------------------+-----
Polearms       | 3 5 6 7 9 11 12 15 18 | 18.0
Dodging        | 3 5 6 9 11 12 13 15 18 | 18.0
Armour         | 1 3 6 9 12 14 15 18 | 18.0
Shields        | 2 4 6 9 12 15 | 15.8
Fighting       | 5 6 9 12 15 19 21 | 21.0
Spellcasting   | 6 |  6.0

Action                     |  1- 3 |  4- 6 |  7- 9 | 10-12 | 13-15 | 16-18 | 19-21 | 22-24 || total
---------------------------+-------+-------+-------+-------+-------+-------+-------+-------++-------
  Melee: Spear             |    90 |   206 |   417 |   875 |  1608 |  1803 |  2609 |  1376 ||  8984
         Demon trident     |       |       |       |       |       |       |       |   606 ||   606
   Fire: Sling             |     4 |     4 |     7 |       |       |       |       |       ||    15
  Throw: Throwing net      |       |     1 |     4 |     1 |       |     3 |       |       ||     9
         Dart              |       |       |       |     5 |     1 |     6 |       |       ||    12
 Invoke: Sacrifice Stealth |       |     1 |       |       |       |       |       |       ||     1
         Sacrifice Essence |       |       |     1 |       |       |     2 |       |       ||     3
         Reject Sacrifices |       |       |     1 |     3 |     2 |       |       |       ||     6
         Sacrifice Arcana  |       |       |       |     1 |       |       |       |       ||     1
         Power Leap        |       |       |       |       |     2 |       |     2 |       ||     4
         Draw Out Power    |       |       |       |       |     1 |     4 |     5 |     2 ||    12
         Sacrifice Artific |       |       |       |       |     1 |       |       |       ||     1
         Apocalypse        |       |       |       |       |     1 |     6 |     8 |     4 ||    19
         Sacrifice Purity  |       |       |       |       |     1 |       |       |       ||     1
         Sacrifice Love    |       |       |       |       |     1 |       |       |       ||     1
  Evoke: Wand              |       |     1 |     6 |    18 |     1 |       |       |       ||    26
    Use: Scroll            |     3 |     7 |    14 |     2 |    15 |       |     5 |    15 ||    61
   Stab: Sleeping          |       |     1 |       |       |       |       |       |       ||     1
         Distracted        |       |       |       |     1 |     3 |    19 |    10 |    12 ||    45
         Invisible         |       |       |       |       |     1 |    12 |    11 |    10 ||    34
         Confused          |       |       |       |       |     1 |       |     1 |       ||     2
         Paralysed         |       |       |       |       |       |     8 |    27 |    17 ||    52
 Armour: Ring mail         |    20 |    13 |       |       |       |       |       |       ||    33
         Leather armour    |       |    61 |   191 |    41 |       |       |       |       ||   293
         Robe              |       |       |       |   228 |   331 |   160 |   234 |   166 ||  1119
  Dodge: Dodged            |    35 |    73 |   273 |   336 |   454 |   414 |   728 |   575 ||  2888
  Block: Buckler           |       |    27 |   114 |    49 |       |       |       |       ||   190
         Kite shield       |       |       |       |   242 |   733 |   877 |  1139 |   509 ||  3500
         Reflection        |       |       |       |    20 |    41 |    79 |    56 |    66 ||   262
         Tower shield      |       |       |       |       |       |       |       |   653 ||   653
